TOP OF THE 1ST |
Greenville 84s batting - Pitching for Vista Panthers : RHP Jesse Green
|
Pitching: RHP Jesse Green
|
|
Batting: RHB Carlos Torres
|
0-0: Ball 1-0: Foul Ball, location: 2F 1-1: Ground out 4-3 (Groundball, 4M)
|
Batting: LHB Chris Moore
|
0-0: Called Strike 0-1: Ground out U3 (Groundball, 3)
|
Batting: RHB Enzo Díaz
|
0-0: Called Strike 0-1: Ball 1-1: Foul Ball, location: 2F 1-2: Ground out 6-3 (Groundball, 6M)
|
Top of the 1st over - 0 run(s), 0 hit(s), 0 error(s), 0 left on base; Greenville 0 - Vista 0 |
BOTTOM OF THE 1ST |
Vista Panthers batting - Pitching for Greenville 84s : LHP Eduardo Trujillo
|
Pitching: LHP Eduardo Trujillo
|
|
Batting: LHB Bob Cunningham
|
0-0: Swinging Strike 0-1: Called Strike 0-2: Ball 1-2: Fly out, F7 (Flyball, 7M)
|
Batting: RHB John Mendelson
|
0-0: Foul Ball, location: 2F 0-1: Foul Ball, location: 2F 0-2: Ball 1-2: Ground out 6-3 (Groundball, 6M)
|
Batting: SHB Mark Wells
|
0-0: Ball 1-0: Ball 2-0: SINGLE (Groundball, 6MD)
|
Batting: RHB Roberto Cruz
|
0-0: DOUBLE (Groundball, 5L) Mark Wells to third
|
Batting: LHB Harry Pitts
|
0-0: Ball 1-0: Ball 2-0: Called Strike 2-1: Ground out 4-3 (Groundball, 4)
|
Bottom of the 1st over - 0 run(s), 2 hit(s), 0 error(s), 2 left on base; Greenville 0 - Vista 0 |
TOP OF THE 2ND |
Greenville 84s batting - Pitching for Vista Panthers : RHP Jesse Green
|
Batting: LHB Brock Larsen
|
0-0: Foul Ball, location: 2F 0-1: Ball 1-1: Foul Ball, location: 2F 1-2: Foul Ball, location: 2F 1-2: Ground out 1-3 (Groundball, 23)
|
Batting: LHB Jimmy Vickers
|
0-0: Ball 1-0: Ball 2-0: Ball 3-0: Base on Balls
|
Batting: LHB Kiyonaga Morita
|
0-0: Foul Ball, location: 2F 0-1: DOUBLE (Line Drive, 8LXD) Jimmy Vickers to third Runner from 3rd tries for Home, throw and OUT! Kiyonaga Morita to third
|
Batting: LHB José Costa
|
0-0: Ball 1-0: Foul Ball, location: 2F 1-1: Foul Ball, location: 2F 1-2: Ball 2-2: Fly out, F7 (Flyball, 78M)
|
Top of the 2nd over - 0 run(s), 1 hit(s), 0 error(s), 1 left on base; Greenville 0 - Vista 0 |
BOTTOM OF THE 2ND |
Vista Panthers batting - Pitching for Greenville 84s : LHP Eduardo Trujillo
|
Batting: RHB Phil Matthews
|
0-0: Ball 1-0: SINGLE (Flyball, 9S)
|
Batting: RHB Iván De Jesús
|
0-0: Swinging Strike 0-1: Swinging Strike 0-2: Foul Ball, location: 2F 0-2: Fly out, F9 (Flyball, 89S)
|
Batting: RHB Teddy Bates
|
0-0: Ball 1-0: Ball 2-0: Foul Ball, location: 2F 2-1: Fly out, F7 (Flyball, 7D)
|
Batting: LHB Francisco Marino
|
0-0: Called Strike 0-1: Foul Ball, location: 2F 0-2: Ball 1-2: Ball 2-2: Ball 3-2: Ground out 6-3 (Groundball, 6)
|
Bottom of the 2nd over - 0 run(s), 1 hit(s), 0 error(s), 1 left on base; Greenville 0 - Vista 0 |
TOP OF THE 3RD |
Greenville 84s batting - Pitching for Vista Panthers : RHP Jesse Green
|
Batting: RHB Vic Langlois
|
0-0: Foul Ball, location: 2F 0-1: Ball 1-1: Foul Ball, location: 2F 1-2: Foul Ball, location: 2F 1-2: Strikes out swinging
|
Batting: RHB Sugita Ito
|
0-0: Reached on error, E5 (Groundball, 56S)
|
Batting: RHB Carlos Torres
|
0-0: Ball 1-0: Foul Ball, location: 2F 1-1: Ball 2-1: SINGLE (Groundball, 34) Sugita Ito to second Runner from 2nd tries for 3rd, OUT! Carlos Torres to second
|
Batting: LHB Chris Moore
|
0-0: Ball 1-0: Ball 2-0: Ball 3-0: Called Strike 3-1: Called Strike 3-2: Foul Ball, location: 2F 3-2: Foul Ball, location: 2F 3-2: Ground out 4-3 (Groundball, 4)
|
Top of the 3rd over - 0 run(s), 1 hit(s), 1 error(s), 1 left on base; Greenville 0 - Vista 0 |
BOTTOM OF THE 3RD |
Vista Panthers batting - Pitching for Greenville 84s : LHP Eduardo Trujillo
|
Batting: LHB Bob Cunningham
|
0-0: Ball 1-0: Foul Ball, location: 2F 1-1: Ball 2-1: SINGLE (Groundball, 34)
|
Batting: RHB John Mendelson
|
0-0: Ball 1-0: Called Strike 1-1: Ball 2-1: Fly out, F3 (Popup, 23F)
|
Batting: SHB Mark Wells
|
0-0: Called Strike 0-1: Swinging Strike 0-2: Foul Ball, location: 2F 0-2: Ball 1-2: Ball 2-2: Strikes out swinging
|
Batting: RHB Roberto Cruz
|
0-0: Ball 1-0: Ball 2-0: SINGLE (Flyball, 7LS) Bob Cunningham to second
|
Batting: LHB Harry Pitts
|
0-0: Called Strike 0-1: Swinging Strike 0-2: Strikes out swinging
|
Bottom of the 3rd over - 0 run(s), 2 hit(s), 0 error(s), 2 left on base; Greenville 0 - Vista 0 |
TOP OF THE 4TH |
Greenville 84s batting - Pitching for Vista Panthers : RHP Jesse Green
|
Batting: RHB Enzo Díaz
|
0-0: SINGLE (Line Drive, 8RS)
|
Batting: LHB Brock Larsen
|
0-0: Called Strike Enzo Díaz steals 2nd base 0-1: Called Strike 0-2: Ground out 5-3 (Groundball, 56S) Enzo Díaz to third
|
Batting: LHB Jimmy Vickers
|
0-0: Swinging Strike 0-1: Foul Ball, location: 2F 0-2: Strikes out swinging
|
Batting: LHB Kiyonaga Morita
|
0-0: Ball 1-0: Ball 2-0: Called Strike 2-1: Ball 3-1: Called Strike 3-2: Strikes out swinging
|
Top of the 4th over - 0 run(s), 1 hit(s), 0 error(s), 1 left on base; Greenville 0 - Vista 0 |
BOTTOM OF THE 4TH |
Vista Panthers batting - Pitching for Greenville 84s : LHP Eduardo Trujillo
|
Batting: RHB Phil Matthews
|
0-0: Ground out 5-3 (Groundball, 5L)
|
Batting: RHB Iván De Jesús
|
0-0: Ball 1-0: Foul Ball, location: 2F 1-1: Ball 2-1: Ground out 5-3 (Groundball, 56)
|
Batting: RHB Teddy Bates
|
0-0: SINGLE (Groundball, 56D)
|
Batting: LHB Francisco Marino
|
0-0: Ground out 4-3 (Groundball, 4)
|
Bottom of the 4th over - 0 run(s), 1 hit(s), 0 error(s), 1 left on base; Greenville 0 - Vista 0 |
TOP OF THE 5TH |
Greenville 84s batting - Pitching for Vista Panthers : RHP Jesse Green
|
Batting: LHB José Costa
|
0-0: Called Strike 0-1: Swinging Strike 0-2: Ball 1-2: Ball 2-2: Foul Ball, location: 2F 2-2: Ground out 1-3 (Groundball, 13)
|
Batting: RHB Vic Langlois
|
0-0: Ball 1-0: Ball 2-0: Foul Ball, location: 2F 2-1: Ball 3-1: Foul Ball, location: 2F 3-2: Foul Ball, location: 2F 3-2: Foul Ball, location: 2F 3-2: Base on Balls
|
Batting: RHB Sugita Ito
|
0-0: Called Strike 0-1: Ball 1-1: Called Strike 1-2: Foul Ball, location: 2F 1-2: Ball 2-2: Strikes out swinging
|
Batting: RHB Carlos Torres
|
0-0: Called Strike 0-1: Called Strike 0-2: Ball 1-2: Strikes out looking
|
Top of the 5th over - 0 run(s), 0 hit(s), 0 error(s), 1 left on base; Greenville 0 - Vista 0 |
BOTTOM OF THE 5TH |
Vista Panthers batting - Pitching for Greenville 84s : LHP Eduardo Trujillo
|
Batting: LHB Bob Cunningham
|
0-0: Called Strike 0-1: Ball 1-1: Foul Ball, location: 2F 1-2: SINGLE (Popup, 8LS)
|
Batting: RHB John Mendelson
|
0-0: Ball Wild Pitch! Bob Cunningham to second 1-0: Intentional Walk
|
Batting: SHB Mark Wells
|
0-0: Foul Ball, location: 2F 0-1: Ball 1-1: Called Strike 1-2: Ball 2-2: Foul Ball, location: 2F 2-2: Ground out 5-3 (Groundball, 5S) Bob Cunningham to third John Mendelson to second
|
Batting: RHB Roberto Cruz
|
0-0: Intentional Walk
|
Batting: LHB Harry Pitts
|
0-0: Ball 1-0: Called Strike 1-1: Ball 2-1: Called Strike 2-2: Foul Ball, location: 2F 2-2: Fly out, F8 (Flyball, 8RXD) Runner from 3rd tags up, SCORES, no throw John Mendelson to third
|
Batting: RHB Phil Matthews
|
0-0: Ball 1-0: Ball 2-0: Fielders Choice at 2nd, 5-4 (Groundball, 5)
|
Bottom of the 5th over - 1 run(s), 1 hit(s), 0 error(s), 1 left on base; Greenville 0 - Vista 1 |
TOP OF THE 6TH |
Greenville 84s batting - Pitching for Vista Panthers : RHP Jesse Green
|
Batting: LHB Chris Moore
|
0-0: Ball 1-0: Ball 2-0: Called Strike 2-1: Swinging Strike 2-2: Ball 3-2: Foul Ball, location: 2F 3-2: Fly out, F7 (Flyball, 7D)
|
Batting: RHB Enzo Díaz
|
0-0: Ball 1-0: Foul Ball, location: 2F 1-1: Foul Ball, location: 2F 1-2: Foul Ball, location: 2F 1-2: Foul Ball, location: 2F 1-2: Ground out 6-3 (Groundball, 6)
|
Batting: LHB Brock Larsen
|
0-0: Fly out, F7 (Flyball, 7M)
|
Top of the 6th over - 0 run(s), 0 hit(s), 0 error(s), 0 left on base; Greenville 0 - Vista 1 |
BOTTOM OF THE 6TH |
Vista Panthers batting - Pitching for Greenville 84s : LHP Eduardo Trujillo
|
Pitching: RHP Dave Johnston
|
|
Batting: RHB Iván De Jesús
|
0-0: Called Strike 0-1: Called Strike 0-2: Strikes out swinging
|
Batting: RHB Teddy Bates
|
0-0: Called Strike 0-1: Foul Ball, location: 2F 0-2: Strikes out looking
|
Batting: LHB Francisco Marino
|
0-0: Ball 1-0: TRIPLE (Line Drive, 3D)
|
Batting: LHB Bob Cunningham
|
0-0: Ball 1-0: Called Strike 1-1: Ground out 5-3 (Groundball, 5S)
|
Bottom of the 6th over - 0 run(s), 1 hit(s), 0 error(s), 1 left on base; Greenville 0 - Vista 1 |
TOP OF THE 7TH |
Greenville 84s batting - Pitching for Vista Panthers : RHP Jesse Green
|
Batting: LHB Jimmy Vickers
|
0-0: Called Strike 0-1: Ground out 6-3 (Groundball, 6M)
|
Batting: LHB Kiyonaga Morita
|
0-0: Called Strike 0-1: DOUBLE (Flyball, 9LD)
|
Batting: LHB José Costa
|
0-0: Ball 1-0: Ground out 6-3 (Groundball, 6M) Kiyonaga Morita to third
|
Batting: RHB Vic Langlois
|
0-0: Ball 1-0: Called Strike 1-1: Foul Ball, location: 2F 1-2: Foul Ball, location: 2F 1-2: Strikes out looking
|
Top of the 7th over - 0 run(s), 1 hit(s), 0 error(s), 1 left on base; Greenville 0 - Vista 1 |
BOTTOM OF THE 7TH |
Vista Panthers batting - Pitching for Greenville 84s : RHP Dave Johnston
|
Batting: RHB John Mendelson
|
0-0: Ball 1-0: Ball 2-0: Ball 3-0: Called Strike 3-1: Called Strike 3-2: Base on Balls
|
Batting: SHB Mark Wells
|
0-0: Ball 1-0: Called Strike 1-1: Foul Ball, location: 2F 1-2: DOUBLE (Line Drive, 9LS) John Mendelson to third John Mendelson scores
|
Batting: RHB Roberto Cruz
|
0-0: Intentional Walk
|
Batting: LHB Harry Pitts
|
0-0: Swinging Strike 0-1: Ball 1-1: Swinging Strike 1-2: Ball 2-2: Fly out, F8 (Flyball, 8LD)
|
Pinch Hitting: LHB Ray Bryant
|
0-0: Called Strike 0-1: Called Strike 0-2: Strikes out swinging
|
Batting: RHB Iván De Jesús
|
0-0: Foul Ball, location: 2F 0-1: Ball 1-1: Ball 2-1: Ball 3-1: Foul Ball, location: 2F 3-2: SINGLE (Groundball, 6M) Mark Wells to third Roberto Cruz to second Mark Wells scores Roberto Cruz to third
|
Pitching: RHP Ángel Lara
|
|
Batting: RHB Teddy Bates
|
0-0: Ball 1-0: Ground out U3 (Groundball, 3)
|
Bottom of the 7th over - 2 run(s), 2 hit(s), 0 error(s), 2 left on base; Greenville 0 - Vista 3 |
TOP OF THE 8TH |
Greenville 84s batting - Pitching for Vista Panthers : RHP Jesse Green
|
Now in RF: Ray Bryant
|
|
Batting: RHB Sugita Ito
|
0-0: Ball 1-0: Fly out, F1 (Popup, 13)
|
Batting: RHB Carlos Torres
|
0-0: Called Strike 0-1: Foul Ball, location: 2F 0-2: Ball 1-2: Fly out, F7 (Line Drive, 78S)
|
Batting: LHB Chris Moore
|
0-0: Called Strike 0-1: Ball 1-1: SINGLE (Line Drive, 7LS)
|
Batting: RHB Enzo Díaz
|
0-0: Foul Ball, location: 2F 0-1: Swinging Strike 0-2: Foul Ball, location: 2F 0-2: Strikes out swinging
|
Top of the 8th over - 0 run(s), 1 hit(s), 0 error(s), 1 left on base; Greenville 0 - Vista 3 |
BOTTOM OF THE 8TH |
Vista Panthers batting - Pitching for Greenville 84s : RHP Ángel Lara
|
Batting: LHB Francisco Marino
|
0-0: Ball 1-0: Ball 2-0: Fly out, F8 (Line Drive, 8LS)
|
Batting: LHB Bob Cunningham
|
0-0: Called Strike 0-1: Ball 1-1: Swinging Strike 1-2: Strikes out swinging
|
Batting: RHB John Mendelson
|
0-0: Ball 1-0: Ball 2-0: Foul Ball, location: 2F 2-1: Ball 3-1: Base on Balls
|
Batting: SHB Mark Wells
|
0-0: Ball John Mendelson steals 2nd base 1-0: Called Strike 1-1: SINGLE (Line Drive, 4D) John Mendelson to third Runner from 3rd tries for Home, throw and OUT!
|
Bottom of the 8th over - 0 run(s), 1 hit(s), 0 error(s), 1 left on base; Greenville 0 - Vista 3 |
TOP OF THE 9TH |
Greenville 84s batting - Pitching for Vista Panthers : RHP Jesse Green
|
Pitching: RHP António López
|
|
Batting: LHB Brock Larsen
|
0-0: Called Strike 0-1: Swinging Strike 0-2: Ball 1-2: Ball 2-2: Foul Ball, location: 2F 2-2: Foul Ball, location: 2F 2-2: Ball 3-2: Strikes out swinging, 2-3 out at first.
|
Batting: LHB Jimmy Vickers
|
0-0: Foul Ball, location: 2F 0-1: Called Strike 0-2: Ground out 6-3 (Groundball, 6)
|
Batting: LHB Kiyonaga Morita
|
0-0: Called Strike 0-1: Ball 1-1: Foul Ball, location: 2F 1-2: Ground out 4-3 (Groundball, 34)
|
Top of the 9th over - 0 run(s), 0 hit(s), 0 error(s), 0 left on base; Greenville 0 - Vista 3 |
|